 Dungeon Crawl Stone Soup version 0.22-a0-348-gd16d1391c7 (webtiles) character file.

5387 Kriby the Thaumaturge (level 10, -6/72 HPs)
             Began as a Mummy Necromancer on Apr 12, 2018.
             Was a Believer of Hepliaklqana.
             Mangled by a bullfrog (8 damage)
             ... on level 9 of the Dungeon.
             The game lasted 00:21:58 (11536 turns).

Kriby the Thaumaturge (Mummy Necromancer)          Turns: 11536, Time: 00:21:58

Health: -6/72      AC:  5    Str: 11    XL:     10   Next: 39%
Magic:  9/27       EV: 18    Int: 18    God:    Hepliaklqana [**....]
Gold:   455        SH:  0    Dex: 13    Spells: 27/35 levels left

rFire    x . .     SeeInvis .   g - +2 dagger (venom)
rCold    + . .     Gourm    .   (no shield)
rNeg     + + +     Faith    .   d - +1 robe {rN+}
rPois    ∞         Spirit   .   o - +0 helmet (curse)
rElec    .         Reflect  .   (no cloak)
rCorr    .         Harm     .   (no gloves)
MR       ++...                  e - +0 pair of boots
Stlth    ++........             (no amulet)
HPRegen  0.22/turn              b - ring of protection from magic
MPRegen  0.20/turn              l - +6 ring of evasion

@: very slightly contaminated
A: no food or potions, fire vulnerability, reduced essence, cold resistance 1,
negative energy resistance 3, torment resistance, unbreathing
a: Recall Ancestor, Ancestor Identity, Renounce Religion


You were on level 9 of the Dungeon.
You worshipped Hepliaklqana.
Hepliaklqana was pleased with you.
You were not hungry.

You visited 1 branch of the dungeon, and saw 9 of its levels.

You collected 455 gold pieces.

Inventory:

Hand Weapons
 g - a +2 dagger of venom (weapon)
Armour
 d - a +1 robe of positive energy (worn)
 e - a +0 pair of boots (worn)
 j - a +2 hat
 o - a cursed +0 helmet (worn)
Jewellery
 b - a ring of protection from magic (left hand)
 l - a +6 ring of evasion (right hand)
Scrolls
 a - 5 scrolls of identify
 c - 4 scrolls of remove curse
 f - 2 scrolls of magic mapping
 i - a scroll of amnesia


   Skills:
 + Level 7.6 Fighting
 - Level 1.5 Dodging
 - Level 1.5 Stealth
 * Level 13.0 Spellcasting
 + Level 8.8 Necromancy


You had 27 spell levels left.
You knew the following spells:

 Your Spells              Type           Power        Failure   Level  Hunger
a - Pain                  Necr           ####         1%          1    N/A
b - Conjure Flame         Conj/Fire      ##......     17%         3    N/A
c - Animate Dead          Necr           N/A          1%          4    N/A

Dungeon Overview and Level Annotations

Branches:
Dungeon (9/15)             Temple (0/1) D:5            Lair (0/6) D:9
    Orc: D:9-12

Altars:
Ashenzari
Dithmenos
Elyvilon
Fedhas
Hepliaklqana
Nemelex Xobeh
Ru
Sif Muna
Trog
Uskayaw
Vehumet
Zin

Shops:
D:4 (   D:7 *

Annotations:
D:9 1 transporter, Erica, Erolcha


Innate Abilities, Weirdness & Mutations

You do not eat or drink.
Your flesh is vulnerable to fire.
You are immune to poison.
Your flesh is cold resistant. (rC+)
You are immune to negative energy. (rN+++)
You are immune to unholy pain and torment.
You can survive without breathing.
Your life essence is reduced to manifest your ancestor. (-10% HP)


Message History

You can't drink.
The wolf barely misses your hound zombie.
The bullfrog is engulfed in blazing flames.
The wolf bites your hound zombie.
The leopard gecko bites something but does no damage.
The crimson imp barely misses your hound zombie.
Something bites your hound zombie! The bullfrog hits your hound zombie.
Found a blossoming altar of Fedhas.
The bullfrog hits your hound zombie. The wolf bites your hound zombie!
Your hound zombie is destroyed!
The centaur unwields an uncursed shortbow.
The centaur closely misses Demise.
Demise closely misses the crimson imp.
Something hits Demise but does no damage.
Demise hits the centaur with a dagger of draining!
The crimson imp blinks!
The bullfrog hits you.
* * * LOW HITPOINT WARNING * * *
The wolf barely misses you. The bullfrog hits you!
You die...

#§§§......
###R§#######
#.......#.
#.........#
#..c.....#.
#..........
#..h.....##
#Fhh.....#
#.@.....##
##.#.#.##
#.#.#.#
#.#.. .
#.###. # #.#
.# #.# # #.#


You could see the friendly Demise the hexer, a wolf, a bullfrog, a centaur and 2
hounds.

Vanquished Creatures
  A two-headed ogre (D:8)
  Joseph (D:9)
  2 hornets (D:8)
  Sigmund (D:4)
  A hungry ghost (D:9)
  A soldier ant (D:8)
  Duvessa (D:4)
  2 orc warriors
  2 ice beasts (D:5)
  An ogre (D:9)
  A centaur (D:8)
  2 bullfrogs
  Dowan (D:4)
  2 scorpions
  2 howler monkeys
  A crimson imp (D:7)
  5 hounds
  An orc priest (D:8)
  3 bullfrog skeletons (D:5)
  6 iguanas
  3 orc wizards
  3 worker ants
  A hound skeleton (D:6)
  A worker ant zombie (D:8)
  6 gnolls (D:5)
  14 adders
  An ooze (D:2)
  An adder zombie (D:7)
  7 worms
  2 dart slugs
  9 leopard geckos
  10 orcs
  3 ball pythons
  3 giant cockroaches
  6 goblins
  6 hobgoblins
  11 jackals
  A quokka (D:5)
  10 bats
  4 frilled lizards
  A jackal skeleton (D:5)
  6 kobolds
  A quokka skeleton (D:5)
  7 rats
  A plant (D:5)
155 creatures vanquished.

Vanquished Creatures (collateral kills)
  A two-headed ogre (D:8)
  A troll (D:9)
  An orc warrior (D:8)
  2 necrophages
  2 ogres
  A bullfrog (D:8)
  2 howler monkeys (D:8)
  2 crimson imps
  A bullfrog zombie (D:5)
  A hound (D:6)
  2 orc wizards
  2 centaur skeletons (D:5)
  A worker ant (D:6)
  2 hound zombies (D:5)
  A howler monkey skeleton (D:7)
  2 worker ant zombies
  2 gnolls (D:5)
  An adder (D:8)
  2 adder skeletons
  5 orcs
  A giant cockroach (D:5)
  A ball python (D:6)
  A leopard gecko skeleton (D:7)
  A leopard gecko zombie (D:5)
  A quokka zombie (D:7)
  A plant (D:5)
40 creatures vanquished.

Vanquished Creatures (others)
  A hound (D:9)
  3 hexers (D:8)
  3 ancestors
  A plant (D:5)
8 creatures vanquished.

Grand Total: 203 creatures vanquished

Notes
Turn   | Place    | Note
-------+----------+-------------------------------------------
     0 | D:1      | Kriby the Mummy Necromancer began the quest for the Orb.
     0 | D:1      | Reached XP level 1. HP: 13/13 MP: 4/4
   151 | D:1      | Reached skill level 3 in Spellcasting
   230 | D:1      | Reached XP level 2. HP: 20/20 MP: 3/6
   734 | D:1      | Reached skill level 1 in Fighting
  1121 | D:1      | Reached XP level 3. HP: 26/26 MP: 2/8
  1357 | D:2      | Reached skill level 4 in Spellcasting
  1858 | D:2      | Reached XP level 4. HP: 32/32 MP: 3/10
  2228 | D:2      | Found a faded altar of an unknown god.
  2807 | D:3      | Reached XP level 5. HP: 38/38 MP: 2/12
  2929 | D:3      | Found a hazy altar of Hepliaklqana.
  2929 | D:3      | Found a faded altar of an unknown god.
  2934 | D:3      | Found a bloodstained altar of Trog.
  2936 | D:3      | Found a faded altar of an unknown god.
  2937 | D:3      | Found a glowing silver altar of Zin.
  2995 | D:3      | Became a worshipper of Hepliaklqana the Forgotten
  3149 | D:3      | Reached skill level 5 in Spellcasting
  3604 | D:4      | Learned a level 4 spell: Animate Dead
  3675 | D:4      | Found Luill's Weapon Emporium.
  3719 | D:4      | Reached skill level 5 in Necromancy
  3719 | D:4      | Reached XP level 6. HP: 41/41 MP: 8/14
  3777 | D:4      | Reached skill level 6 in Spellcasting
  3847 | D:4      | Noticed Dowan
  3850 | D:4      | Noticed Duvessa
  3874 | D:4      | Killed Duvessa
  4226 | D:4      | Noticed Sigmund
  4241 | D:4      | Killed Sigmund
  4241 | D:4      | Reached skill level 7 in Spellcasting
  4241 | D:4      | Reached XP level 7. HP: 17/46 MP: 6/17
  4265 | D:4      | Killed Dowan
  4767 | D:4      | Found a sacrificial altar of Ru.
  4807 | D:5      | Entered Level 5 of the Dungeon
  4852 | D:5      | Found a sparkling altar of Nemelex Xobeh.
  5337 | D:5      | Reached skill level 8 in Spellcasting
  5521 | D:5      | Reached XP level 8. HP: 48/54 MP: 17/20
  5553 | D:5      | Found a staircase to the Ecumenical Temple.
  5946 | D:5      | Reached * piety under Hepliaklqana
  6218 | D:5      | Reached skill level 9 in Spellcasting
  6568 | D:6      | Reached skill level 5 in Fighting
  7524 | D:6      | Reached skill level 10 in Spellcasting
  7711 | D:7      | Found Muc Kole's Assorted Antiques.
  8142 | D:7      | Found a shadowy altar of Dithmenos.
  8321 | D:7      | Reached ** piety under Hepliaklqana
  8325 | D:7      | Remembered your ancestor Demise as a hexer
  8381 | D:7      | Found a hide-covered altar of Uskayaw.
  8510 | D:7      | Reached XP level 9. HP: 57/61 MP: 23/23
  8555 | D:8      | Noticed a two-headed ogre
  8596 | D:8      | Learned a level 3 spell: Conjure Flame
  8639 | D:8      | Killed a two-headed ogre
  8639 | D:8      | Reached skill level 11 in Spellcasting
  9058 | D:8      | Found a shattered altar of Ashenzari.
  9548 | D:8      | Found a deep blue altar of Sif Muna.
  9664 | D:8      | Found a radiant altar of Vehumet.
  9704 | D:8      | Noticed a two-headed ogre
  9718 | D:8      | Killed a two-headed ogre
  9718 | D:8      | Reached skill level 12 in Spellcasting
  9800 | D:8      | Reached XP level 10. HP: 52/71 MP: 17/26
 11357 | D:9      | Found a white marble altar of Elyvilon.
 11357 | D:9      | Noticed a sphinx
 11361 | D:9      | Found a transporter.
 11381 | D:9      | Noticed Joseph
 11395 | D:9      | Killed Joseph
 11501 | D:9      | Noticed Erolcha
 11511 | D:9      | Found a staircase to the Lair.
 11525 | D:9      | Reached skill level 13 in Spellcasting
 11527 | D:9      | Noticed Erica
 11527 | D:9      | HP: 2/72 [centaur/arrow (2)]
 11529 | D:9      | Found a blossoming altar of Fedhas.
 11534 | D:9      | HP: 1/72 [bullfrog (2)]
 11536 | D:9      | Mangled by a bullfrog

Vault maps used:
D:1:      co_arrival_random_square_maze
D:2:      chequers_ecumenical_altar_simple_redux, bh_walls_and_bars
D:3:      chequers_temple_overflow_minitemple, st_stairs_12
D:4:      serial_shops, shop, nicolae_ru_the_path_less_chosen, uniq_sigmund,
          uniq_duvessa
D:5:      nemelex_altar_shiori, minmay_temple_entry_overgrown, serial_undead,
          serial_undead_b, serial_undead_d, serial_undead_f, serial_undead_b,
          first_ration
D:6:      water_boxes_lemuel
D:7:      kennysheep_mini, old_standard_altar, serial_shops, shop
D:8:      cheibrodos_ashenzari_chains, led_sif_book, vehumet_crystals,
          hangedman_pestilent_swarm
D:9:      overflow_temple_1_default, gammafunk_temple_overflow_arena,
          erik_lair_island, uniq_erica, uniq_erolcha, uniq_joseph

Skill      XL: |  1  2  3  4  5  6  7  8  9 10 |
---------------+-------------------------------+-----
Spellcasting   | 3 4 5 7 8 10 12 13 | 13.0
Fighting       | 1 2 3 4 5 7 |  7.6
Necromancy     | 5 6 7 8 |  8.8
Dodging        | |  1.5
Stealth        | |  1.5

Action                   |  1- 3 |  4- 6 |  7- 9 | 10-12 || total
-------------------------+-------+-------+-------+-------++-------
Melee: Dagger            |    18 |    35 |   189 |    44 ||   286
 Cast: Pain              |    95 |   113 |   244 |    32 ||   484
       Animate Dead      |       |     1 |    23 |     6 ||    30
       Conjure Flame     |       |       |     1 |     4 ||     5
Invok: Ancestor Identity |       |     1 |       |       ||     1
       Ancestor Life: He |       |       |     1 |       ||     1
       Recall Ancestor   |       |       |     1 |     1 ||     2
  Use: Scroll            |       |     4 |     7 |     5 ||    16
 Stab: Distracted        |       |       |       |     1 ||     1
Armor: Robe              |     4 |    15 |    51 |     8 ||    78
Dodge: Dodged            |    25 |    49 |   280 |    53 ||   407

Table legend:
 A = Spawn XP
 B = Non-spawn XP
 C = Spawn XP percentage of total XP
 D = Spawn monster count
 E = Non-spawn monster count
 F = Spawn count percentage of total count
 G = Total turns spent on level
                    A         B        C        D         E        F      G
               +---------+---------+-------+---------+---------+-------+---------
         Total |       0 |    7697 |   0.0 |       0 |     194 |   0.0 | 11536
               +---------+---------+-------+---------+---------+-------+---------
           D:1 |       0 |      48 |   0.0 |       0 |      26 |   0.0 |  1518
           D:2 |       0 |      97 |   0.0 |       0 |      21 |   0.0 |   989
           D:3 |       0 |      92 |   0.0 |       0 |      19 |   0.0 |  1080
           D:4 |       0 |     720 |   0.0 |       0 |      14 |   0.0 |  1385
           D:5 |       0 |    1008 |   0.0 |       0 |      42 |   0.0 |  1591
           D:6 |       0 |     549 |   0.0 |       0 |      18 |   0.0 |  1038
           D:7 |       0 |     284 |   0.0 |       0 |      18 |   0.0 |   974
           D:8 |       0 |    3635 |   0.0 |       0 |      26 |   0.0 |  2575
           D:9 |       0 |    1264 |   0.0 |       0 |      10 |   0.0 |   386
               +---------+---------+-------+---------+---------+-------+---------
